 Dungeon Crawl Stone Soup version 0.26.1-2-gb8aa6d0 (webtiles) character file.

Game seed: 8057525858586166782

1283 Geeful the Covert (level 8, 0/58 HPs)
             Began as an Octopode Delver on Mar 13, 2021.
             Slain by Joseph
             ... wielding a +0 quarterstaff
              (4 damage)
             ... on level 7 of the Dungeon.
             The game lasted 00:20:49 (6823 turns).

Geeful the Covert (Octopode Delver)                 Turns: 6823, Time: 00:20:49

Health: 0/58       AC:  1    Str: 11    XL:     8   Next: 54%
Magic:  8/8        EV: 17    Int: 14    God:
Gold:   345        SH:  0    Dex: 20    Spells: 7/7 levels left

rFire    . . .     SeeInvis .   a - +1 short sword
rCold    . . .     Faith    .   (no shield)
rNeg     . . .     Spirit   .   (helmet restricted)
rPois    .         Reflect  .   (no amulet)
rElec    .         Harm     .   A - ring of flight
rCorr    .         Rampage  .   o - +6 ring of dexterity
Will     .....                  (no ring)
Stlth    ++++++....             (no ring)
HPRegen  0.19/turn              (no ring)
MPRegen  0.11/turn              (no ring)
                                (no ring)
                                (no ring)

@: mighty
A: almost no armour, stealthy swim, amphibious, 8 rings, constrict 8, camouflage
1, gelatinous body 1
a: Evoke Flight


You were on level 7 of the Dungeon.
You visited 2 branches of the dungeon, and saw 8 of its levels.

You collected 345 gold pieces.

Inventory:

Hand Weapons
 a - a +1 short sword (weapon)
Missiles
 w - 6 poisoned darts (quivered)
Armour
 p - a +0 buckler
Magical Staves
 B - an uncursed staff of air
Jewellery
 j - the amulet "Heanal" {RegenMP rN+++ Dex+4 Stlth-}
   (You found it on level 5 of the Dungeon)

   [amulet of magic regeneration]

   It increases your magic regeneration.
   It affects your dexterity (+4).
   It renders you almost immune to negative energy.
   It makes you less stealthy.
 n - an uncursed ring of ice
 o - a +6 ring of dexterity (right tentacle)
 A - a ring of flight (left tentacle)
Wands
 f - a wand of digging (4)
 i - a wand of paralysis (5)
 y - a wand of flame (5)
Scrolls
 b - 3 scrolls of fog
 c - a scroll of enchant armour
 d - 3 scrolls of fear
 k - 8 scrolls of teleportation
 m - 3 scrolls of magic mapping
 q - 7 scrolls of remove curse
 r - 2 scrolls of immolation
 s - a scroll of blinking
 x - 2 scrolls of amnesia
 z - a scroll of enchant weapon
Potions
 e - a potion of haste
 g - a potion of attraction
 h - a potion of curing
 l - a potion of might
 t - a potion of cancellation
 u - 2 potions of flight
 v - 3 potions of lignification
 C - a potion of degeneration {unknown}


   Skills:
 - Level 6.4 Fighting
 - Level 2.0 Short Blades
 - Level 5.9 Dodging
 - Level 10.0 Stealth
 + Level 2.7 Shields


You had 7 spell levels left.
You didn't know any spells.
Your spell library contained the following spells:

 Spells                   Type           Power        Failure   Level
 Animate Skeleton         Necr           0%           28%         1
 Pain                     Necr           0%           28%         1
 Vampiric Draining        Necr           0%           65%         3
 Animate Dead             Necr           0%           96%         4
 Agony                    Necr           0%           100%        5


Dungeon Overview and Level Annotations

Branches:
Dungeon (7/15)             Temple (1/1) D:6

Altars:
Ashenzari
Cheibriados
Dithmenos
Fedhas
Gozag
Hepliaklqana
Kikubaaqudgha
Makhleb
Nemelex Xobeh
Okawaru
Qazlal
Ru
Sif Muna
Trog
Uskayaw
Wu Jian
Xom
Yredelemnul
Zin
The Shining One

Shops:
D:6 !:

Annotations:
D:4 3 runed translucent doors, Zock's ghost, amateur DrFi
D:6 2 runed translucent doors
D:7 Joseph


Innate Abilities, Weirdness & Mutations

You cannot wear most types of armour.
You are very stealthy in the water. (Stealth+)
You are amphibious.
You can wear up to eight rings at the same time.
You can use your tentacles to constrict eight enemies at once.
Your skin changes colour to match your surroundings (Stealth+).
Your rubbery body absorbs attacks. (AC +1, EV +1)


Message History

Joseph is lightly wounded.
You constrict Joseph. Joseph hits you with a +0 quarterstaff!
* * * LOW HITPOINT WARNING * * *
You feel better.
You constrict Joseph.
Joseph hits you with a +0 quarterstaff!!
* * * LOW HITPOINT WARNING * * *
Aiming: Paralyse
Press: ? - help, Shift-Dir - straight line, f - Joseph
Aim: Joseph, wielding a +0 quarterstaff, wearing a +0 leather armour and quivering 22 sling bullets (lightly wounded, constricted by you, chance to affect: 28%) Joseph easily resists.
You constrict Joseph. Joseph closely misses you.
Aiming: Paralyse
Press: ? - help, Shift-Dir - straight line, f/p - Joseph
Aim: Joseph, wielding a +0 quarterstaff, wearing a +0 leather armour and quivering 22 sling bullets (lightly wounded, constricted by you, chance to affect: 28%) Joseph easily resists.
You constrict Joseph.
Aiming: Paralyse
Press: ? - help, Shift-Dir - straight line, f/p - Joseph
Aim: Joseph, wielding a +0 quarterstaff, wearing a +0 leather armour and quivering 22 sling bullets (lightly wounded, constricted by you, chance to affect: 28%) Joseph easily resists.
You constrict Joseph. Joseph hits you with a +0 quarterstaff.
You die...

#...## ###.....##
........##
#........### ..
##..........###...
#...........$.....
#.@...............
#@#...............
##.##..(........(..
#.####..(..........
##.................
#.................
##................
##...............
###########.....
###...


You could see Joseph.

Vanquished Creatures
  An ice beast (D:6)
  A sky beast (D:5)
  3 ogres
  A centaur (D:5)
  A hound (D:6)
  A jelly (D:6)
  5 orc priests
  An orc wizard (D:5)
  Crazy Yiuf (D:5)
  2 iguanas
  3 worker ants
  Ijyb (D:3)
  2 worker ant zombies
  Robin (D:2)
  11 adders
  A shadow imp (D:5)
  A white imp (D:5)
  An ufetubus (D:7)
  2 oozes
  5 worms
  3 dart slugs
  13 leopard geckos
  24 orcs
  6 bats
  8 giant cockroaches
  14 goblins
  12 hobgoblins
  14 jackals
  9 kobolds
  3 quokkas
  A ball python (D:3)
  7 frilled lizards
  2 jackal skeletons
  7 rats
168 creatures vanquished.

Notes
Turn   | Place    | Note
-------+----------+-------------------------------------------
     0 | D:5      | Geeful the Octopode Delver began the quest for the Orb.
     0 | D:5      | Reached XP level 1. HP: 16/16 MP: 1/1
    20 | D:6      | Found Nosy's Distillery.
    20 | D:6      | Noticed a hound
    26 | D:6      | Killed a hound
    27 | D:6      | Reached skill level 7 in Stealth
    27 | D:6      | Reached XP level 2. HP: 21/21 MP: 2/2
    27 | D:6      | Reached XP level 3. HP: 26/26 MP: 3/3
    75 | D:6      | Found a stormy altar of Qazlal.
   101 | D:6      | Found Cityol's Book Boutique.
   125 | D:5      | Got a clouded ruby amulet
   537 | D:5      | Found a sparkling altar of Nemelex Xobeh.
   537 | D:5      | Noticed a centaur
   639 | D:3      | Noticed Ijyb
   679 | D:3      | Killed Ijyb
   680 | D:3      | Reached XP level 4. HP: 28/33 MP: 4/4
   838 | D:3      | Found a transporter.
   859 | D:3      | Found a transporter.
  1124 | D:1      | You fall into a shaft and drop 1 floor!
  1124 | D:2      | Found a faded altar of an unknown god.
  1369 | D:1      | Reached XP level 5. HP: 37/37 MP: 5/5
  1786 | D:1      | Identified the amulet "Heanal" {RegenMP rN+++ Dex+4 Stlth-}
                  | (You found it on level 5 of the Dungeon)
  2294 | D:2      | Noticed Robin
  2309 | D:2      | Killed Robin
  2339 | D:2      | Reached skill level 8 in Stealth
  2914 | D:3      | Reached XP level 6. HP: 44/44 MP: 6/6
  3466 | D:3      | Found a sparkling altar of Nemelex Xobeh.
  3961 | D:4      | Found a runed translucent gate.
  3962 | D:4      | Found a runed translucent gate.
  3963 | D:4      | Found a runed translucent gate.
  3965 | D:4      | Noticed Zock's ghost (amateur DrFi)
  4005 | D:4      | Reached skill level 5 in Fighting
  4156 | D:4      | Reached XP level 7. HP: 41/50 MP: 7/7
  4654 | D:5      | Found a broken altar of Ashenzari.
  4661 | D:5      | Found an opulent altar of Gozag.
  4663 | D:5      | Found a hide-covered altar of Uskayaw.
  4664 | D:5      | Found a shimmering altar of Xom.
  4698 | D:5      | Reached skill level 9 in Stealth
  4787 | D:5      | Reached skill level 5 in Dodging
  5161 | D:5      | Reached XP level 8. HP: 19/57 MP: 8/8
  5593 | D:5      | Found a runed translucent door.
  5594 | D:5      | Noticed Crazy Yiuf
  5605 | D:5      | Killed Crazy Yiuf
  5606 | D:5      | Reached skill level 10 in Stealth
  5946 | D:6      | Found an iron altar of Okawaru.
  6053 | D:6      | Found a runed translucent door.
  6057 | D:6      | Reached skill level 1 in Shields
  6067 | D:6      | Found a runed translucent door.
  6099 | D:6      | Found a staircase to the Ecumenical Temple.
  6106 | Temple   | Entered the Ecumenical Temple
  6806 | D:7      | Noticed Joseph
  6823 | D:7      | Slain by Joseph

Illustrated notes

Levels and vault maps discovered:
D:1:      amcnicky_arrival_blooded_trapdoor, layout_rooms
D:2:      layout_basic, chequers_ecumenical_altar_simple,
          minmay_misc_feat_cross, chequers_serial_rivers_room_a, uniq_robin
D:3:      gammafunk_wand_slinger, layout_loops_corners, gup_sewer_entry_pipe,
          minmay_misc_feat_chi, minivault_24, st_stairs_11,
          kennysheep_decorative_pillar, minmay_tree_intersection,
          nemelex_lonely_heart_becter, uniq_ijyb
D:4:      layout_gridville, gammafunk_ghost_necromancy
D:5:      layout_basic, grunt_temple_overflow_open, corexii_hall_statues_i,
          uniq_crazy_yiuf_cottage
D:6:      lemuel_insect_pit, layout_gridville, okawaru_metal_pillars_3,
          minmay_temple_entry_ruins, serial_shops, shop_statue,
          nicolae_shop_waterfront, basic_altar, st_stairs_9
D:7:      layout_layer_cave, kennysheep_mini, uniq_joseph, uniq_maggie,
          uniq_duvessa
Temple:   eino_narrow_crystal_temple

Skill      XL: |  1  2  3  4  5  6  7  8 |
---------------+-------------------------+-----
Stealth        | 7 8 9 10 | 10.0
Dodging        | 3 4 5 |  5.9
Fighting       | 4 5 6 |  6.4
Shields        | 2 |  2.7
Short Blades   | |  2.0

Action                   |  1- 3 |  4- 6 |  7- 9 || total
-------------------------+-------+-------+-------++-------
Melee: Short sword       |    22 |   217 |   144 ||   383
       Constrict         |     4 |    49 |    33 ||    86
       Tentacles         |     2 |    41 |    35 ||    78
Throw: Dart              |       |       |    13 ||    13
Evoke: Wand              |       |       |     7 ||     7
  Use: Scroll            |       |    15 |     2 ||    17
       Potion            |       |       |     3 ||     3
 Stab: Sleeping          |     5 |    31 |    11 ||    47
Armor: Skin              |     1 |    14 |     5 ||    20
Dodge: Dodged            |     5 |   131 |   100 ||   236
